 Dungeon Sprint DCSS version 0.18.1-8-gdd0e5ea (webtiles) character file.

320 rftp080 the Slasher (level 6, -23/36 HPs)
             Began as a Vine Stalker Fighter on June 4, 2016.
             Was a Believer of Makhleb.
             Annihilated by a hill giant
             ... wielding a +0 giant club
              (37 damage)
             ... in the Dungeon (Sprint IX: "|||||||||||||||||||||||||||||").
             The game lasted 00:02:29 (172 turns).

rftp080 the Slasher (Vine Stalker Fighter)           Turns: 172, Time: 00:02:29

Health: -23/36     AC: 11    Str: 22    XL:     6   Next: 46%
Magic:  0/7        EV:  8    Int:  8    God:    Makhleb [**....]
Gold:   0          SH: 11    Dex: 15    Spells: 0 memorised, 5 levels left

rFire  . . .     SeeInvis .     r - +2 scimitar (vamp)
rCold  . . .     Gourm    .     s - +1 scale mail
rNeg   . . .     Faith    .     c - +0 shield
rPois  .         Spirit   +     (no helmet)
rElec  .         Dismiss  .     (no cloak)
rCorr  .         Reflect  .     (no gloves)
SustAt .         Harm     .     f - +0 pair of boots
MR     .....     NoTele   +     (no amulet)
Stlth  ..........               u - +3 ring of strength
                                t - +2 ring of protection

@: not resistant to hostile enchantments, extremely unstealthy
A: fangs 2, regeneration 2, magic shield, antimagic bite, no device heal 3, rot
immunity
a: Minor Destruction, Renounce Religion


You were in the Dungeon.
You worshipped Makhleb.
Makhleb was pleased with you.
You were not hungry.

You visited 1 branch

Inventory:

Hand Weapons
 a - a +0 long sword
 r - a +2 vampiric scimitar (weapon)
Armour
 b - a +0 scale mail
 c - a +0 shield (worn)
 f - a +0 pair of boots (worn)
 s - a +1 scale mail (worn)
Magical Staves
 q - an uncursed staff of energy
Jewellery
 t - a +2 ring of protection (left hand)
 u - a +3 ring of strength (right hand)
Wands
 p - a wand of iceblast (7/15)
Scrolls
 k - 2 scrolls of blinking
 n - 3 scrolls of remove curse
 o - 2 scrolls of amnesia
Potions
 d - a potion of might
 e - 5 potions of curing
 g - 3 potions of heal wounds
 h - a potion of haste
 i - 4 potions of magic
 j - a potion of berserk rage
 m - a potion of invisibility
Comestibles
 l - 8 chunks of flesh


   Skills:
 + Level 6.1 Fighting
 * Level 7.6 Long Blades
 + Level 5.6 Armour
 + Level 6.0 Shields


You had 5 spell levels left.
You didn't know any spells.

Dungeon Overview and Level Annotations

Branches:
Dungeon (1/1)

Altars:
Cheibriados
Dithmenos
Elyvilon
Fedhas
Gozag
Kikubaaqudgha
Makhleb
Nemelex Xobeh
Okawaru
Pakellas
Qazlal
Ru
Sif Muna
Trog
Vehumet
Xom
Yredelemnul
Zin
The Shining One
Beogh
Jiyva
Lugonu


Innate Abilities, Weirdness & Mutations

You have extremely sharp teeth.
You heal very quickly.
When hurt, damage is shared between your health and your magic reserves.
Your bite disrupts and absorbs the magic of your enemies.
Potions and wands cannot restore your health.
You are immune to rotting.


Message History

The hill giant is moderately wounded.
The hill giant hits you with a giant club!!
Ouch! That really hurt!
* * * LOW HITPOINT WARNING * * *
You are too injured to fight recklessly!
Unknown command.
Evoke which item? (* to show all) (? for menu, Esc to quit)
Okay, then.
Evoke which item? (* to show all) (? for menu, Esc to quit)
Okay, then.
You see here a +0 pair of boots.
Items here: ))))) a +4 quarterstaff of speed; a +2 halberd of venom; a +2 dire flail of crushing a +3 war axe of chopping; a +2 rapier of protection You hit the hill giant.
You feel better.
You bite the hill giant, but do no damage.
The hill giant is moderately wounded.
The hill giant hits you with a giant club!!!
Ouch! That really hurt!
You die...

▓.▓
▓)▓
▓'▓
▓.▓
▓.▓
▓.▓
▓[▓
▓C▓
▓@▓
▓.▓
▓.▓
▓.▓
▓'▓
▓_▓
▓_▓
▓_▓
▓_▓


You could see a hill giant.

Vanquished Creatures
  An eye of draining (D)
  An ogre (D)
  A scorpion (D)
  A howler monkey (D)
  2 worker ants (D)
  An adder zombie (D)
  A dart slug (D)
  2 orcs (D)
  A hobgoblin (D)
  A jackal (D)
  A kobold (D)
  A ball python (D)
  A bat (D)
15 creatures vanquished.

Notes
Turn   | Place    | Note
--------------------------------------------------------------
     0 | D        | rftp080 the Vine Stalker Fighter began the quest for the Orb.
     0 | D        | Reached XP level 1. HP: 11/11 MP: 2/2
    18 | D        | Reached XP level 2. HP: 16/16 MP: 3/3
    24 | D        | Noticed a scorpion
    25 | D        | Reached skill level 2 in Long Blades
    27 | D        | Reached skill level 3 in Long Blades
    27 | D        | Reached XP level 3. HP: 21/21 MP: 4/4
    32 | D        | Killed a scorpion
    32 | D        | Reached skill level 4 in Long Blades
    32 | D        | Reached XP level 4. HP: 20/26 MP: 3/5
    48 | D        | Found a glowing silver altar of Zin.
    48 | D        | Found a glowing golden altar of the Shining One.
    48 | D        | Found an ancient bone altar of Kikubaaqudgha.
    48 | D        | Found a basalt altar of Yredelemnul.
    48 | D        | Found a shimmering altar of Xom.
    48 | D        | Found a radiant altar of Vehumet.
    49 | D        | Found an iron altar of Okawaru.
    50 | D        | Found a burning altar of Makhleb.
    51 | D        | Found a deep blue altar of Sif Muna.
    52 | D        | Found a bloodstained altar of Trog.
    53 | D        | Found a sparkling altar of Nemelex Xobeh.
    54 | D        | Found a white marble altar of Elyvilon.
    55 | D        | Found a roughly hewn altar of Beogh.
    56 | D        | Found a viscous altar of Jiyva.
    57 | D        | Found a corrupted altar of Lugonu.
    58 | D        | Found a blossoming altar of Fedhas.
    59 | D        | Found a snail-covered altar of Cheibriados.
    60 | D        | Found a shadowy altar of Dithmenos.
    61 | D        | Found a stormy altar of Qazlal.
    62 | D        | Found an opulent altar of Gozag.
    63 | D        | Found a sacrificial altar of Ru.
    64 | D        | Found an oddly glowing altar of Pakellas.
    92 | D        | Became a worshipper of Makhleb the Destroyer
   148 | D        | Noticed a hill giant
   148 | D        | Noticed an eye of draining
   148 | D        | Noticed an ogre
   153 | D        | Reached skill level 5 in Long Blades
   153 | D        | Reached XP level 5. HP: 30/30 MP: 4/6
   156 | D        | Reached * piety under Makhleb
   156 | D        | Reached skill level 5 in Fighting
   156 | D        | Reached skill level 5 in Shields
   159 | D        | Killed an ogre
   159 | D        | Reached skill level 6 in Long Blades
   159 | D        | Reached skill level 5 in Armour
   159 | D        | Gained mutation: You heal very quickly. [Vine Stalker growth]
   159 | D        | Reached XP level 6. HP: 36/36 MP: 0/7
   162 | D        | Killed an eye of draining
   162 | D        | Reached ** piety under Makhleb
   162 | D        | Reached skill level 7 in Long Blades
   172 | D        | Annihilated by a hill giant

Skill      XL: |  1  2  3  4  5  6 |
---------------+-------------------+-----
Fighting       | 3 4 5 6 |  6.1
Shields        | 3 4 5 6 |  6.0
Armour         | 3 4 5 |  5.6
Long Blades    | 3 4 5 6 7 |  7.6

Action                   |  1- 3 |  4- 6 || total
-------------------------+-------+-------++-------
Melee: Long sword        |    22 |     4 ||    26
       Bite              |     2 |     9 ||    11
       Scimitar          |       |    17 ||    17
  Eat: Bread ration      |       |     1 ||     1
Armor: Scale mail        |     7 |     6 ||    13
Dodge: Dodged            |     6 |     1 ||     7
Block: Shield            |    11 |     6 ||    17
